Tangles, neutral female sylph Healer ------- ------- .._.. --..|`.. `...* --...#... ... --------- --....|-|------+-- ----.---- --.......-- --.....#..........-----|.......|---------+--- --------.........----.....--...............#.......#.....||.....| --..........}}}...........--.................)[.........`.|-.....| |<.%.^......}{}...........-............................._)+...(..| --..%.......}}}...........--.................).........[[.|-..%..| --------[........----.....--.....%.........#.......#.....||...^.| --...%...-- --.....#....[.....-----|.....*.|------------- --------- --....|-+------+-- ----+---- . --...#. .E....... --..|`.. o ------- .. Tangles the Embalmer Experience level: 7 Strength: 14 Dexterity: 9 Constitution: 16 Intelligence: 10 Wisdom: 15 Charisma: 17 Health: 0(61) Energy: 61(61) Def: 7 Gold: 0 Moves: 5756 Dungeon seed: KPrOPdWeag4VbN1z Game ID: Tangles_1470148532 Your Inventory: Weapons u - 26 +0 darts (in quiver) X - a +0 scalpel (weapon in hand) Armor e - an uncursed +1 pair of leather gloves j - a blessed +1 dwarvish cloak (being worn) Comestibles a - a blessed eucalyptus leaf named skippy m - 6 uncursed apples x - 8 blessed eucalyptus leaves B - an uncursed lizard corpse F - an uncursed eucalyptus leaf I - an uncursed partly eaten food ration R - 2 uncursed sprigs of wolfsbane Scrolls U - an uncursed scroll of teleportation Spellbooks W - an uncursed spellbook of create familiar Potions d - a blessed potion of healing g - 3 uncursed potions of extra healing p - 4 uncursed potions of healing Rings q - an uncursed ring of searching H - an uncursed ring of sustain ability Wands h - a wand of sleep (0:6) A - a blessed wand of enlightenment (0:14) C - a wand of striking (0:2) D - a wand of make invisible (0:7) J - a wand of speed monster (0:3) K - a wand of cold (0:4) Tools b - a magic harp (0:0) c - an uncursed stethoscope n - an uncursed towel E - a +0 pick-axe G - a blessed figurine of a wood golem N - an uncursed brass lantern (0:1146) P - an expensive camera (0:53) V - an uncursed skeleton key Spells and supernatural/magical abilities: Name Level Category Fail Memory a - force bolt 1 attack 18% 76% h - healing 1 healing 0% 72% k - knock 1 matter 18% 76% s - slow monster 2 enchantment 100% 86% x - extra healing 3 healing 20% 72% S - stone to flesh 3 healing 35% 72% U - detect unseen 3 divination 100% 76% W - pray for help -- divine ? -- Your skills at the end: Miscellaneous Skills wands [Basic] Weapon Skills knife [Basic] Spellcasting Skills healing spells [Basic] Final Attributes: You were devoutly aligned. You were poison resistant. You saw invisible. You had infravision. You were displaced. You were stealthy. You were protected. You were protected from shape changers. You are dead. Vanquished creatures: a small mimic a red naga a Grey-elf a soldier a giant beetle a lizard a black light a gnome king an orc mummy a dwarf mummy a brown pudding a werewolf a raven a human zombie 3 soldier ants a bugbear 4 Mordor orcs 4 orc shamans a rock piercer 2 yellow lights a shrieker 8 gnome lords 2 gnomish wizards a kobold mummy a gray ooze 2 floating eyes 14 dwarves a homunculus 2 kobold lords 2 iguanas 4 hill orcs a monkey a dwarf zombie a wererat 3 hobbits a large kobold 3 geckos 3 hobgoblins a giant rat a brown mold a red mold 34 gnomes 4 jackals a fox a kobold 4 newts 8 goblins 6 grid bugs 2 kobold zombies 143 creatures vanquished. Voluntary challenges: You followed a strict vegan diet. You did not adorn yourself with jewelry or accessories. You used a wielded weapon 392 times, starting on turn 71. You did not apply a unicorn horn. You read items or engraved 19 times, starting on turn 777. You never genocided any monsters. You never polymorphed an object. You never changed form. You used no wishes. You never split a pudding. You wrote Elbereth's name 1 time, starting on turn 2731. You never violated your personal moral code. Dungeon overview: The Dungeons of Doom: levels 1 to 5 Level 1 an altar to Poseidon, a fountain a long staircase Level 2 (v) a scroll shop Level 3 (v) a fountain Level 4 some fountains stairs to The Gnomish Mines Level 5 The Gnomish Mines: levels 5 to 12 Level 5 stairs to The Dungeons of Doom Level 6 Level 7 many shops, a temple to Athena, a magic chest, some fountains, some trees Level 8 Level 9 Level 10 Level 11 Level 12 <- You were here some altars to Moloch, a magic chest, a fountain History has recorded: On T:1 you entered the Dungeons of Doom to retrieve the Amulet of Yendor! On T:30 you reached level 2 of The Dungeons of Doom. On T:618 you reached level 3 of The Dungeons of Doom. On T:1051 you advanced to experience level 2. On T:1127 you reached level 4 of The Dungeons of Doom. On T:1282 you advanced to experience level 3. On T:1567 you reached level 1 of The Gnomish Mines. On T:1690 you reached level 5 of The Dungeons of Doom. On T:2275 you advanced to experience level 4. On T:2445 you reached level 2 of The Gnomish Mines. On T:2522 you reached level 3 of The Gnomish Mines. On T:2616 you advanced to experience level 5. On T:2770 you entered the Minetown temple On T:2790 you opened a magic chest. On T:2791 you opened a magic chest. On T:2792 you opened a magic chest. On T:2815 you opened a magic chest. On T:2825 you opened a magic chest. On T:2891 you opened a magic chest. On T:2928 you advanced to experience level 6. On T:3172 you opened a magic chest. On T:3173 you opened a magic chest. On T:3850 you opened a magic chest. On T:3857 you opened a magic chest. On T:3857 you opened a magic chest. On T:3858 you opened a magic chest. On T:3919 you reached level 4 of The Gnomish Mines. On T:4317 you reached level 5 of The Gnomish Mines. On T:4440 you advanced to experience level 7. On T:4631 you reached level 6 of The Gnomish Mines. On T:5301 you reached level 7 of The Gnomish Mines. On T:5498 you reached level 8 of The Gnomish Mines. On T:5498 you reached the bottom of the Mines. On T:5654 you opened a magic chest. On T:5685 you opened a magic chest. Score breakdown: Gold: 0 ( 0 points) Experience: 7 levels ( 600 points) Exploration: 12 levels ( 330 points) Discoveries: 22 items ( 1100 points) Variety of kills: 49 monsters ( 2000 points) Major goal: reached Mine's End ( 1000 points) Survival: died (score multiplied by 3) Total score: 15090 Latest messages: The hobgoblin stabs you! The hobgoblin thrusts her crude dagger. The hobgoblin stabs you! The hobgoblin thrusts her crude dagger. The hobgoblin stabs you! The hobgoblin thrusts her crude dagger. The hobgoblin stabs you! The hobgoblin thrusts her crude dagger. The hobgoblin stabs you! The hobgoblin thrusts her crude dagger. The hobgoblin stabs you! The hobgoblin thrusts her crude dagger. The hobgoblin stabs you! The hobgoblin thrusts her crude dagger. The hobgoblin stabs you! The hobgoblin thrusts her crude dagger. The hobgoblin just misses! The hobgoblin thrusts her crude dagger. The hobgoblin stabs you! The hobgoblin thrusts her crude dagger. The hobgoblin stabs you! You die... Final status: Goodbye Tangles the Healer, killed by a hobgoblin, while frozen by a spellbook... You died in The Gnomish Mines on dungeon level 12 with 15090 points, and 0 pieces of gold, after 5756 moves. You were level 7 with a maximum of 61 hit points when you died.